[Event "Early-Titled-Tuesday-Blitz-May-07-2024"]
[Site "Chess.com"]
[Date "2024.05.07"]
[Round "4"]
[White "lefonghua"]
[Black "PapiPapita"]
[Result "0-1"]
[WhiteElo "2557"]
[BlackElo "2413"]
[TimeControl "180+1"]
[EndTime "8:42:35 PDT"]
[Termination "PapiPapita won on time"]

1. d4 f5 2. Nc3 Nf6 3. Bg5 d5 4. Bxf6 exf6 5. e3 c6 6. Bd3 Bd6 7. Qf3 g6 8. Nge2 Be6 9. h3 Nd7 10. g4 fxg4 11. hxg4 Bf7 12. Nf4 Nf8 13. O-O-O Qc7 14.
Nce2 O-O-O 15. Kb1 Kb8 16. Rh6 Rg8 17. Rdh1 Rg7 18.
c3 Bg8 19. Bc2 Re7 20. Nd3 Nd7 21. R6h3 Rde8 22. Nec1 a6 23. Nb3 b6 24. Nd2 Ka7 25. Re1 c5 26. dxc5 bxc5 27. Rd1 Rb8 28. Ka1 d4 29. exd4 cxd4 30. Nb1 Qa5 31. Nc1 Qb6 32. Nb3 Nc5 33. N1d2 dxc3 34. Qxc3 Nxb3+ 35. Nxb3 Rc7 36. Qd2 Be5 0-1

[Event "Early-Titled-Tuesday-Blitz-May-07-2024"]
[Site "Chess.com"]
[Date "2024.05.07"]
[Round "4"]
[White "AttilaTurzo"]
[Black "juanchesst"]
[Result "0-1"]
[WhiteElo "2463"]
[BlackElo "2668"]
[TimeControl "180+1"]
[EndTime "8:42:36 PDT"]
[Termination "juanchesst won by resignation"]

1. e4 c5 2. Nf3 Nc6 3. d4 cxd4 4. Nxd4 Nf6 5. Nc3 e5 6. Ndb5 d6 7. Bg5 a6 8. Na3 b5 9. Bxf6 gxf6 10. Nd5 Bg7 11. Bd3 Ne7 12. Nxe7 Qxe7 13. c3 f5 14. Nc2 Bb7 15. Ne3 fxe4 16. Nf5 Qg5 17. Bxe4 Bxe4 18. Nxd6+ Kf8 19. Nxe4 Qxg2 20. Ng3 h5 21. Qd6+ Kg8 22. O-O-O Rh6 23. Qd5 Qxd5 24. Rxd5 h4 25. Nf5 Rh5 26.
Nxg7 Kxg7 27. f4 Re8 28. Re1 f6 29. fxe5 Rhxe5 30. Rdxe5 Rxe5 31. Rxe5 fxe5 32. Kd2 h3 33. Ke3 Kf6 34. Ke4 Ke6 35. b3 Kd6 36. a3 a5 37. c4 bxc4 38. bxc4 a4 39. c5+ Kxc5 40.
Kxe5 Kc4 41. Ke4 Kc3 42. Ke3 Kb3 43. Kd3 Kxa3 44. Kc3 Ka2 45. Kc2 a3 46. Kc1 Kb3 47. Kb1 Kc3 48. Ka2 Kd3 49. Kxa3 Ke2 50. Kb2 Kf2 51.
Kc2 Kg2 52. Kd2 Kxh2 53. Ke2 Kg2 0-1

[Event "Early-Titled-Tuesday-Blitz-May-07-2024"]
[Site "Chess.com"]
[Date "2024.05.07"]
[Round "4"]
[White "NFChess13"]
[Black "highlama"]
[Result "1-0"]
[WhiteElo "2653"]
[BlackElo "2396"]
[TimeControl "180+1"]
[EndTime "8:42:37 PDT"]
[Termination "NFChess13 won by checkmate"]

1. c4 g6 2. Nc3 Bg7 3. g3 e6 4. Bg2 Ne7 5. e4 O-O 6. Nge2 b6 7. d4 Bb7 8. O-O d6 9. Be3 Nd7 10. Qd2 Re8 11. b4 c5 12. bxc5 dxc5 13. d5 Ne5 14.
Bg5 Nxc4 15. Qc2 h6 16. Bxe7 Qxe7 17. Nf4 Ne5 18. a4 h5 19. Rfd1 h4 20. Rab1 hxg3 21. hxg3 Qg5 22. Nb5 Red8 23. dxe6 Rxd1+ 24. Rxd1 fxe6 25. Nxe6 Qh5 26. Nxg7 Kxg7 27. Qc3 Kh6 28. f3 Rf8 29. Qe3+ Kg7 30. g4 Qh4 31. Qc3 Qf6 32. Rd6 Qe7 33. Rd2 Ba6 34. Rf2 Bxb5 35. axb5 g5 36. Rd2 Rf6 37.
Rd5 Re6 38. Qa1 Kg6 39. Kf2 Qg7 40. Qc1 Qh8 41. Qh1 Qf8 42. Qh5+ Kf6 43. Qh7 Ng6 44.
Rf5# 1-0

[Event "Early-Titled-Tuesday-Blitz-May-07-2024"]
[Site "Chess.com"]
[Date "2024.05.07"]
[Round "4"]
[White "edgarhay012"]
[Black "klimkoj"]
[Result "0-1"]
[WhiteElo "2669"]
[BlackElo "2920"]
[TimeControl "180+1"]
[EndTime "8:42:38 PDT"]
[Termination "klimkoj won by resignation"]

1. e4 c5 2. Nc3 d6 3. d4 cxd4 4. Qxd4 Nc6 5. Qd2 Nf6 6. b3 e6 7. Bb2 d5 8. exd5 exd5 9. O-O-O Be6 10. Nf3 Bb4 11. Qf4 Qa5 12. Nb5 Qxa2 13. Bd3 O-O 14. Ng5 d4 15. Qh4 h6 16. Nxe6 fxe6 17. Rhe1 a6 18. Nxd4 Ba3 19. Bxa3 Qxa3+ 20. Kb1 Nd5 21. Ne2 a5 22. Qe4 Rf6 23. Qa4 Qc5 24. f3 Ncb4 25.
Be4 b5 26. Qa1 a4 27. Qd4 Qc7 28. c3 Nc6 29. Qd3 axb3 30. Bxd5 exd5 31. Qxd5+ Kh8 32. Qxb3 Na5 33. Qa2 Rfa6 34. Qd5 Nc4 35. Nc1 Qa5 36. Kc2 Qb6 37. Qf5 Qf2+ 38. Re2 Ne3+ 39. Kd3 Qxe2+ 40.
Kxe2 Nxf5 41. Nb3 Ra3 42. Nc5 Rxc3 43. Ne4 Ra2+ 44. Kf1 Ne3+ 45. Ke1 Nxd1 0-1

[Event "Early-Titled-Tuesday-Blitz-May-07-2024"]
[Site "Chess.com"]
[Date "2024.05.07"]
[Round "4"]
[White "kleinebeer98"]
[Black "stolencandy13"]
[Result "1-0"]
[WhiteElo "2929"]
[BlackElo "2682"]
[TimeControl "180+1"]
[EndTime "8:42:39 PDT"]
[Termination "kleinebeer98 won by resignation"]

1. e4 c6 2. d4 d5 3. f3 Qb6 4. Nc3 dxe4 5. Bc4 e5 6. dxe5 Bc5 7. Nxe4 Qb4+ 8. Nd2 Ne7 9. Ne2 O-O 10. c3 Qb6 11. Ne4 Bf5 12. Nxc5 Qxc5 13. Qd4 Qa5 14. O-O Nd7 15. Ng3 Qxe5 16. Nxf5 Qxf5 17. Be3 Nb6 18.
Bd3 Qd5 19. Bxh7+ Kxh7 20. Qh4+ Kg8 21. Qxe7 Rfe8 22. Qc5 Qxc5 23. Bxc5 Nc4 24. b3 Ne3 25. Rf2 Nd5 26. c4 Nf4 27. Rd1 b6 28. Ba3 Rad8 29. Rfd2 Rxd2 30. Rxd2 Re1+ 31. Kf2 Ra1 32. Bd6 Ne6 33.
g4 f6 34. Bb8 a6 35. h4 b5 36. cxb5 axb5 37. Ba7 c5 38. Rc2 c4 39. bxc4 bxc4 40.
Be3 Kf7 41. h5 Nc7 42. Bd4 Nd5 43. Bxa1 1-0

[Event "Early-Titled-Tuesday-Blitz-May-07-2024"]
[Site "Chess.com"]
[Date "2024.05.07"]
[Round "4"]
[White "IndianSchoolOfSuffering"]
[Black "miragha_yev"]
[Result "0-1"]
[WhiteElo "2405"]
[BlackElo "2825"]
[TimeControl "180+1"]
[EndTime "8:42:40 PDT"]
[Termination "miragha_yev won by resignation"]

1. c4 e6 2. d4 d5 3. Nf3 Nf6 4. g3 dxc4 5. Bg2 Bb4+ 6. Bd2 a5 7. O-O O-O 8. Bg5 h6 9. Bxf6 Qxf6 10. a3 Be7 11. Nc3 Nc6 12. e3 Rd8 13. Qe2 e5 14. d5 Nb8 15. Qxc4 Bd6 16. Rfd1 Qe7 17. Rac1 b6 18. Ne4 Ba6 19. Qc2 Nd7 20. Nh4 Rac8 21. Bh3 Qf8 22. Qc6 Nb8 23. Qc3 Nd7 24. Kg2 Bb7 25. Qb3 Kh8 26. Qb5 Nc5 27. Nxc5 Bxc5 28. Bxc8 Bxc8 29. e4 Qe7 30. Rxc5 Qxc5 31. Qxc5 bxc5 32.
Rc1 c6 33. Rxc5 cxd5 34. exd5 Bb7 35. Rxa5 Bxd5+ 36. Kf1 f6 37. Ng6+ Kh7 38. Ne7 Bf3 39.
Nd5 Bxd5 40. f4 exf4 41. gxf4 Bc4+ 42. Kf2 Rd2+ 43. Ke3 Rxb2 44. Rc5 Bf7 45. a4 Ra2 46. a5 Rxh2 47. Rc7 Be6 48. Kd4 Ra2 49. Ra7 h5 50.
Kc5 h4 51. Kb4 h3 52. Re7 h2 0-1

[Event "Early-Titled-Tuesday-Blitz-May-07-2024"]
[Site "Chess.com"]
[Date "2024.05.07"]
[Round "4"]
[White "martinmena"]
[Black "PhileKhoob"]
[Result "0-1"]
[WhiteElo "2099"]
[BlackElo "2306"]
[TimeControl "180+1"]
[EndTime "8:42:40 PDT"]
[Termination "PhileKhoob won by checkmate"]

1. c4 Nf6 2. g3 g6 3. Bg2 d5 4.
cxd5 Nxd5 5. Nc3 Nxc3 6. bxc3 Bg7 7. Nf3 O-O 8. O-O c5 9. d4 Nc6 10. Rb1 cxd4 11. cxd4 Nxd4 12. Nxd4 Qxd4 13. Qxd4 Bxd4 14. Bh6 Re8 15. Bxb7 Rb8 16. Bc6 Rxb1 17. Rxb1 Rd8 18.
Rb8 Bb6 19. Bf4 Bf5 20. Rxd8+ Bxd8 21. Bh6 Bb1 22. a3 Bb6 23. Kg2 Ba2 24. Kf3 a5 25. a4 f6 26. Be8 Bd5+ 27. e4 Bb3 28. Ke2 Bc4+ 29. Ke1 Bc5 30. Bb5 Bb3 31. Bd2 Bb6 32. Bh6 Kf7 33. Bd2 e5 34. Bc3 Ke7 35. Ke2 Bc2 36.
Bb2 Bxe4 37. Ba3+ Ke6 38. f3 Bd5 39. Kd3 Bxf3 40. Bc4+ Bd5 41. Bb5 e4+ 42. Ke2 Ke5 43. Bb2+ Bd4 44. Bc1 g5 45. Bd2 Bb6 46. Bc3+ Ke6 47.
Ba6 f5 48. Bc8+ Kf7 49. Bxf5 Bc4+ 50. Kd2 e3+ 51. Ke1 Bb3 52. Ke2 Bxa4 53. Bd3 Bd7 54.
Bc4+ Be6 55. Bxe6+ Kxe6 56. Bb2 Kd5 57. Ba3 a4 58. Be7 Kc4 59. Bxg5 a3 60. Bf6 Bd4 61. Bxd4 Kxd4 62. g4 a2 63. h4 a1=Q 64. g5 Qg1 65. g6 Qf2+ 66. Kd1 Qd2# 0-1

[Event "Early-Titled-Tuesday-Blitz-May-07-2024"]
[Site "Chess.com"]
[Date "2024.05.07"]
[Round "4"]
[White "Naruto75_3"]
[Black "Mikasinski"]
[Result "1-0"]
[WhiteElo "2427"]
[BlackElo "2638"]
[TimeControl "180+1"]
[EndTime "8:42:41 PDT"]
[Termination "Naruto75_3 won by resignation"]

1. d4 Nf6 2. c4 e6 3. Nc3 d5 4. cxd5 exd5 5. Bg5 c6 6. e3 Be7 7. Bd3 Nbd7 8. Nge2 O-O 9. O-O Re8 10. Qc2 h6 11. Bf4 a6 12. a3 c5 13. Rfd1 c4 14. Bf5 Nf8 15. Ng3 Be6 16. f3 Bd6 17. Bxd6 Qxd6 18. e4 dxe4 19. fxe4 Qf4 20. Kh1 Bxf5 21.
Rf1 Qg5 22. Rxf5 Qg6 23. Raf1 N8h7 24. e5 Ng4 25. Nd1 h5 26. Qxc4 h4 27. Ne4 Nh6 28. R5f4 Rac8 29. Qb3 Rc1 30. Nd6 Re7 31. Ne3 Rxf1+ 32.
Rxf1 h3 33. Qc4 hxg2+ 34. Nxg2 Ng5 35. Nf4 Qe4+ 36. Nxe4 Nxe4 37. Qc8+ Kh7 38. Qc2 f5 39. exf6 gxf6 40. Nd5 Re6 41. Nxf6+ Rxf6 42. Rxf6 1-0

[Event "Early-Titled-Tuesday-Blitz-May-07-2024"]
[Site "Chess.com"]
[Date "2024.05.07"]
[Round "4"]
[White "Jojo_898"]
[Black "Alphafischer2019"]
[Result "0-1"]
[WhiteElo "2432"]
[BlackElo "2656"]
[TimeControl "180+1"]
[EndTime "8:42:41 PDT"]
[Termination "Alphafischer2019 won by resignation"]

1. e4 c5 2. Nf3 Nc6 3. c3 Nf6 4. Bd3 g6 5. O-O Bg7 6. Bc2 O-O 7. d4 cxd4 8. cxd4 d6 9. h3 Nb4 10. Bb3 a5 11. Nc3 Nd7 12. Bg5 h6 13. Be3 Kh7 14.
Qd2 b6 15. a3 Nc6 16. Rac1 Bb7 17. Rfd1 e6 18. Nb5 Nf6 19. Bc2 Na7 20. Nc3 Rc8 21.
Qe2 Qe7 22. e5 Nd5 23. Ne4 dxe5 24. dxe5 Rfd8 25. Nd6 Rxd6 26. exd6 Qxd6 27. Be4 Rd8 28. Bxd5 Bxd5 29. Nd4 Qd7 30. b4 axb4 31. axb4 Qb7 32. b5 Bxg2 33. Nc6 Rxd1+ 34. Qxd1 Nxc6 35. bxc6 Bxc6 36. Qd6 Bh1 37. Qh2 Bd5 38. Rc7 Qa6 39. Qg3 Qa1+ 40. Rc1 Qf6 41. Bxb6 h5 42. Be3 h4 43.
Qg4 Bf3 44. Qg5 Bd5 45. Qg4 Bf3 46. Qg5 Bh5 47. Qxf6 Bxf6 48. Rc4 g5 49. Rc5 Kg6 50. Rc8 Bf3 51. Rg8+ Kf5 52. Rf8 Bh5 53. Rh8 Bxh8 0-1

[Event "Early-Titled-Tuesday-Blitz-May-07-2024"]
[Site "Chess.com"]
[Date "2024.05.07"]
[Round "4"]
[White "Doublekk14"]
[Black "yobdc"]
[Result "1-0"]
[WhiteElo "2358"]
[BlackElo "2513"]
[TimeControl "180+1"]
[EndTime "8:42:41 PDT"]
[Termination "Doublekk14 won on time"]

1. c4 Nf6 2. Nc3 g6 3. e3 d6 4. Nf3 Bg7 5. d4 O-O 6. Be2 Nbd7 7. O-O e5 8. h3 Re8 9. dxe5 dxe5 10. e4 c6 11. Bg5 h6 12. Be3 Qe7 13. Qd2 Nc5 14.
Bxh6 Nfxe4 15. Nxe4 Nxe4 16. Qc1 Bh8 17. Re1 Nc5 18. Bf1 e4 19. Nh2 Bf5 20. b4 Nd7 21. Bd2 Qh4 22. Bg5 Qh7 23. Rb1 Ne5 24. Rb3 Rad8 25.
Rd1 Rxd1 26. Qxd1 Nd3 27. Ng4 Bxg4 28. hxg4 Be5 29. g3 Kg7 30. Bxd3 exd3 31. Qxd3 Bxg3 32.
Bf6+ Kg8 33. fxg3 Qh3 34. Rb1 1-0

[Event "Early-Titled-Tuesday-Blitz-May-07-2024"]
[Site "Chess.com"]
[Date "2024.05.07"]
[Round "4"]
[White "WhiteKnight2612"]
[Black "KuzubovYuriy"]
[Result "1-0"]
[WhiteElo "2838"]
[BlackElo "2955"]
[TimeControl "180+1"]
[EndTime "8:42:43 PDT"]
[Termination "WhiteKnight2612 won by resignation"]

1. d4 Nf6 2. c4 e6 3. Nc3 d5 4. cxd5 exd5 5. Bg5 c6 6. e3 Be7 7. Bd3 Nbd7 8. Nge2 O-O 9. Qc2 Re8 10. O-O-O b5 11. Kb1 a5 12. f3 Ba6 13. e4 b4 14. Bxa6 Rxa6 15. Na4 dxe4 16. Ng3 exf3 17. gxf3 Nd5 18. Bxe7 Qxe7 19. Rc1 Qf6 20. Qd3 Raa8 21. Ne4 Qh6 22. h4 Re6 23. Ng5 Re3 24. Qf5 Qg6 25. Qxg6 hxg6 26.
Rxc6 f6 27. Ne4 Nf8 28. h5 gxh5 29. Rxh5 Ne7 30. Rc7 Nfg6 31. Rh3 Nd5 32. Rd7 Ndf4 33. Rg3 f5 34. Nd6 Re1+ 35. Kc2 Re2+ 36. Kd1 Rh2 37. Nc5 Rf8 38. Ne6 Nxe6 39. Rxg6 Rf6 40. Rxf6 gxf6 41.
Nxf5 Rxb2 42. d5 Nf4 43. d6 Rxa2 44. Rg7+ Kf8 45. d7 Ne6 46. Re7 Ra3 47. Kd2 Ra2+ 48.
Kc1 Ra3 49. Rxe6 Rc3+ 50. Kb2 Rd3 51. Re8+ Kf7 52. d8=Q Rxd8 53. Rxd8 Ke6 54. Nd4+ Ke5 55. Nc6+ Kf4 56. Rf8 f5 57. Nxa5 Kxf3 58. Rxf5+ Ke4 59. Rb5 1-0

[Event "Early-Titled-Tuesday-Blitz-May-07-2024"]
[Site "Chess.com"]
[Date "2024.05.07"]
[Round "4"]
[White "djokovic74"]
[Black "nihalsarin"]
[Result "0-1"]
[WhiteElo "2815"]
[BlackElo "3139"]
[TimeControl "180+1"]
[EndTime "8:42:43 PDT"]
[Termination "nihalsarin won by resignation"]

1. e4 Nc6 2. Nf3 Nf6 3. e5 Nd5 4. d4 d6 5. c4 Nb6 6. exd6 cxd6 7. Nc3 Bg4 8. Be3 g6 9. b3 Bg7 10. Be2 O-O 11. O-O d5 12. c5 Nc8 13. h3 Bxf3 14.
Bxf3 e6 15. b4 a6 16. Rb1 N8e7 17. g4 f5 18. b5 axb5 19. Nxb5 Rxa2 20. Qb3 Qa5 21.
gxf5 Nxf5 22. Bg4 Nfxd4 23. Nxd4 Nxd4 24. Bxd4 Bxd4 25. Bxe6+ Kh8 26. Qxd5 Rd2 27. Kh1 Bg7 28. Rxb7 Rxd5 29. Bxd5 Qxc5 30. Bg2 Rxf2 31. Rd1 Rxg2 32. Rb8+ Bf8 33. Kxg2 Qc2+ 34. Kg3 Qxd1 35. Rxf8+ Kg7 36. Rf2 Qg1+ 37. Kf3 Kh6 38. Rg2 Qd4 39. Kg3 Qe5+ 40. Kf3 Kh5 41. Rg4 Qf5+ 42. Kg3 Qxg4+ 43. hxg4+ Kg5 44.
Kf3 Kh4 45. Kf4 h6 46. Kf3 g5 47. Kf2 Kxg4 0-1

[Event "Early-Titled-Tuesday-Blitz-May-07-2024"]
[Site "Chess.com"]
[Date "2024.05.07"]
[Round "4"]
[White "Yan_Dyomin2010"]
[Black "AndrewB92"]
[Result "1-0"]
[WhiteElo "2605"]
[BlackElo "2404"]
[TimeControl "180+1"]
[EndTime "8:42:43 PDT"]
[Termination "Yan_Dyomin2010 won on time"]

1. e4 c5 2. Nf3 Nc6 3. Bb5 g6 4. Bxc6 dxc6 5. d3 Bg7 6. h3 Nf6 7. Nc3 Nd7 8. Be3 e5 9. Qd2 h6 10. O-O Qe7 11. Nh2 b6 12. f4 exf4 13. Bxf4 Ne5 14. Rae1 Be6 15. Nf3 Nxf3+ 16. Rxf3 g5 17. Bh2 g4 18. hxg4 Bxg4 19. Rf4 h5 20. Ref1 Bh6 21. Qf2 Bxf4 22. Qxf4 Rg8 23. Kh1 Rg6 24. e5 Be6 25. Ne4 O-O-O 26. Nd6+ Kb8 27. c4 Rdg8 28. Rf2 Rg4 29. Qf3 Qd7 30. a3 h4 31. b4 cxb4 32. axb4 Rg3 33. Qe4 f5 34. Nxf5 Bxf5 35. Qxf5 Qxf5 36. Rxf5 Rxd3 37. e6+ Kb7 38. Rf7+ Ka6 39.
Bf4 Re8 40. Rf6 Rd2 41. Bxd2 1-0

[Event "Early-Titled-Tuesday-Blitz-May-07-2024"]
[Site "Chess.com"]
[Date "2024.05.07"]
[Round "4"]
[White "Silent-Killer100"]
[Black "Sokoloco"]
[Result "0-1"]
[WhiteElo "2568"]
[BlackElo "2803"]
[TimeControl "180+1"]
[EndTime "8:42:45 PDT"]
[Termination "Sokoloco won by resignation"]

1. e4 g6 2. d4 Bg7 3. Nc3 d6 4. Nf3 a6 5. Bf4 b5 6. Qd2 Bb7 7. Bd3 Nd7 8. O-O c5 9. dxc5 Nxc5 10. a3 Nf6 11. Rfe1 O-O 12. Rad1 Re8 13. e5 Bxf3 14. gxf3 dxe5 15. Bxe5 Ncd7 16. Bg3 Qb6 17. Be4 Nxe4 18. fxe4 Ne5 19. Qe2 e6 20. Nb1 a5 21. Kg2 Rac8 22. f4 Nc4 23. b3 Nd6 24. f5 Nb7 25. fxg6 hxg6 26. Rf1 Qc6 27. Rf2 Nc5 28. Re1 f5 29.
Nd2 Bc3 30. Kg1 Nxe4 31. Nxe4 Bxe1 32. Nf6+ Kf7 33. Qxe1 Kxf6 34. Be5+ Kf7 35. Rg2 Qc5+ 36. Kh1 Rcd8 37. Qg3 Rd1+ 0-1

[Event "Early-Titled-Tuesday-Blitz-May-07-2024"]
[Site "Chess.com"]
[Date "2024.05.07"]
[Round "4"]
[White "Thebigsqueeze"]
[Black "agvega14"]
[Result "1-0"]
[WhiteElo "2365"]
[BlackElo "2186"]
[TimeControl "180+1"]
[EndTime "8:42:45 PDT"]
[Termination "Thebigsqueeze won by checkmate"]

1. d4 d5 2. Nf3 Nf6 3. g3 Bf5 4. Bg2 e6 5. c4 c6 6. b3 Be7 7. Nh4 Bg4 8. h3 Bh5 9. g4 Nfd7 10. Nf3 Bg6 11. Nc3 h5 12. g5 h4 13.
Bf4 Qa5 14. Rc1 Ba3 15. O-O Bxc1 16. Qxc1 Na6 17. Ne5 Nxe5 18. Bxe5 O-O 19. e4 dxc4 20. bxc4 Nb4 21. Qe3 Nc2 22. Qd2 Na3 23. Qd3 Qa6 24.
f4 Qxc4 25. Qf3 f6 26. gxf6 gxf6 27. Bd6 Qxd4+ 28. Kh2 Qxd6 29. Qg4 Kf7 30. e5 Qd3 31. Qxh4 Ke8 32. Rf3 Qf5 33. exf6 Qxf6 34. Qg3 Bf5 35.
Re3 Nc4 36. Re1 Nd6 37. Ne2 Kd7 38. Rd1 Rg8 39. Qa3 Qe7 40. Ng3 Kc7 41. Qa5+ b6 42. Qe5 Rad8 43. Nxf5 Rxg2+ 44. Kxg2 Qd7 45. Nxd6 Rg8+ 46.
Kh2 Kb8 47. Nb5+ Kb7 48. Rxd7+ Ka6 49. Rxa7# 1-0

[Event "Early-Titled-Tuesday-Blitz-May-07-2024"]
[Site "Chess.com"]
[Date "2024.05.07"]
[Round "4"]
[White "AnaKuchava"]
[Black "stasOR4ik"]
[Result "1-0"]
[WhiteElo "2212"]
[BlackElo "2463"]
[TimeControl "180+1"]
[EndTime "8:42:46 PDT"]
[Termination "AnaKuchava won by resignation"]

1. d4 e6 2. Nf3 d5 3. c4 c6 4. Qb3 Nd7 5. Nc3 Ngf6 6. Bg5 Be7 7. e3 Ne4 8. Bxe7 Qxe7 9. Bd3 f5 10. O-O O-O 11. cxd5 cxd5 12. Rfd1 a6 13. Rac1 g5 14. Bxe4 fxe4 15. Ne1 Nf6 16. Rc2 Qd6 17. f3 exf3 18.
Nxf3 Ng4 19. Na4 Bd7 20. Nc5 Bc6 21. Nxb7 Bxb7 22. Qxb7 Rab8 23. Qa7 Rf7 24. Rc6 Qxc6 25. Qxb8+ Rf8 26. Qb3 Qc7 27. h3 Rxf3 28. hxg4 Rg3 29.
Rf1 Rxg4 30. Qd1 Rh4 31. Qf3 Qh2+ 32. Kf2 Re4 33. Ke2 Qf4 34. Qxf4 gxf4 35. Rxf4 Rxf4 36.
exf4 Kf7 37. b4 Kf6 38. a4 Kf5 39. Kf3 Kf6 40. g4 Ke7 41. f5 exf5 42. gxf5 Kf6 43.
Kf4 h5 44. b5 axb5 45. axb5 h4 46. Kg4 h3 47. Kxh3 Kxf5 48. b6 Ke4 49. b7 Kxd4 50. b8=Q Ke3 51. Qe5+ Kf2 52. Qxd5 1-0

[Event "Early-Titled-Tuesday-Blitz-May-07-2024"]
[Site "Chess.com"]
[Date "2024.05.07"]
[Round "4"]
[White "nuadvaga"]
[Black "Javylavilla"]
[Result "1-0"]
[WhiteElo "2157"]
[BlackElo "2297"]
[TimeControl "180+1"]
[EndTime "8:42:47 PDT"]
[Termination "nuadvaga won by resignation"]

1. d4 Nf6 2. f3 d5 3. e4 dxe4 4. fxe4 Nxe4 5. Nc3 Nxc3 6. bxc3 e6 7. Nf3 c5 8. Bc4 Nc6 9. O-O Be7 10. Be3 cxd4 11. cxd4 O-O 12. c3 b6 13. Qe2 Bb7 14. Rad1 Qc7 15.
Ng5 h6 16. Nxf7 Rxf7 17. Bxe6 Nd8 18. Bb3 Bf6 19. Bxh6 Qc6 20. d5 Qc5+ 21. Be3 Qxc3 22. d6 a5 23. Rc1 Qe5 24. Qd2 a4 25. Bxf7+ Nxf7 26. Bxb6 Nxd6 27. Rfe1 Ne4 28. Qb4 Qg5 29. Rc2 Rf8 30. Be3 Qg6 31. Qxb7 Nd6 32. Qd5+ Kh8 33. Rce2 Nf5 34. Bc5 Rd8 35. Qf3 Nh4 36. Qe4 Qg5 37. Bf2 Rd4 38. Bxh4 Qxh4 39. Qxh4+ Rxh4 40. Rf1 a3 41. g3 Rb4 42. Rf3 Rb2 43. Rff2 Rb1+ 44. Kg2 Bb2 45. Rc2 Ra1 46. Rxb2 axb2 47. Rxb2 Rc1 48. Kh3 Rc5 49. Kg4 Kh7 50. Kh3 Kg6 51. Kg2 Kg5 52. h3 Rc3 53. Rf2 Ra3 54. Rc2 Kf5 55. Rc5+ Ke4 56.
Rc2 Kd3 57. Rf2 Ke4 58. Rf4+ Ke5 59. Rf2 g5 60. h4 g4 61. h5 Ke4 62. Rf4+ Ke3 63. Rxg4 Rxa2+ 64. Kh3 Ra6 65. Rg6 Ra1 66. Kh4 Kf3 67. g4 Kf4 68. Rf6+ Ke5 69. Rf7 Rh1+ 70. Kg5 Rg1 71. Re7+ Kd6 72. Re2 1-0

[Event "Early-Titled-Tuesday-Blitz-May-07-2024"]
[Site "Chess.com"]
[Date "2024.05.07"]
[Round "4"]
[White "Aswathchess"]
[Black "jcibarra"]
[Result "1-0"]
[WhiteElo "2631"]
[BlackElo "2932"]
[TimeControl "180+1"]
[EndTime "8:42:48 PDT"]
[Termination "Aswathchess won by resignation"]

1. e4 c5 2. Nc3 a6 3. Nf3 d6 4. d4 cxd4 5. Nxd4 Nf6 6. h3 e5 7. Nb3 h5 8. Bg5 Be6 9. Be2 g6 10. Qd2 Be7 11. O-O-O Nbd7 12. Kb1 Rc8 13. f4 Rxc3 14.
Qxc3 Nxe4 15. Qf3 Nxg5 16. fxg5 Qc7 17. h4 O-O 18. Qe3 Rc8 19. Rc1 d5 20. g4 hxg4 21.
h5 d4 22. Qd2 Nf8 23. Bd3 Bd5 24. hxg6 fxg6 25. Rhe1 Ne6 26. Qe2 Bxg5 27. Qxg4 Bxc1 28.
Rxc1 Nf4 29. Bxg6 Nxg6 30. Qxg6+ Qg7 31. Qd6 Bxb3 32. axb3 Rf8 33. Qd5+ Rf7 34. Qd8+ Rf8 35. Qd5+ Rf7 36. Re1 Qf6 37. Rxe5 d3 38. Re8+ Kg7 39.
Qg2+ Kh6 40. Qh3+ Kg7 41. Qh8+ Kg6 42. Rg8+ Kf5 43. Qh3+ Ke5 44. Re8+ Kd6 45. Qxd3+ Kc7 46. Qc4+ Kb6 47. Re6+ 1-0

[Event "Early-Titled-Tuesday-Blitz-May-07-2024"]
[Site "Chess.com"]
[Date "2024.05.07"]
[Round "4"]
[White "th3d4rkness"]
[Black "savitha1030"]
[Result "0-1"]
[WhiteElo "2203"]
[BlackElo "2479"]
[TimeControl "180+1"]
[EndTime "8:42:48 PDT"]
[Termination "savitha1030 won by resignation"]

1. e4 c5 2. Nc3 Nc6 3. Bb5 d6 4. Bxc6+ bxc6 5. f4 Nf6 6. Nf3 g6 7. O-O Bg7 8. d3 O-O 9. Qe1 Ba6 10. Qh4 d5 11. e5 Ne8 12. f5 f6 13. Bh6 Bc8 14.
fxg6 hxg6 15. Bxg7 Nxg7 16. exf6 exf6 17. Qg3 g5 18. Rae1 Bf5 19. Na4 Qa5 20. b3 Rae8 21. Rxe8 Rxe8 22. Re1 Rxe1+ 23. Qxe1 Qxe1+ 24. Nxe1 Ne6 25. c3 Kf7 26. g3 Ke7 27. Kf2 Kd6 28. Kf3 Bh7 29. Nb2 Nc7 30. a4 Bf5 31. Ng2 Ne6 32.
Ne3 Bh7 33. Ng4 f5 34. Ne3 d4 35. Nec4+ Kd5 36. cxd4 Nxd4+ 37. Ke3 Nxb3 38. Nd1 f4+ 39.
gxf4 gxf4+ 40. Kxf4 Bxd3 41. Nde3+ Kd4 42. Ne5 Na5 43.
h4 c4 44. h5 c3 45. Nxd3 Kxd3 46. h6 Nc4 47. Nxc4 c2 48. Nb2+ Kc3 49. h7 c1=Q+ 50.
Kf5 Qh6 51. Nd1+ Kd2 0-1

[Event "Early-Titled-Tuesday-Blitz-May-07-2024"]
[Site "Chess.com"]
[Date "2024.05.07"]
[Round "4"]
[White "LikeWater"]
[Black "Iball95"]
[Result "0-1"]
[WhiteElo "2685"]
[BlackElo "2926"]
[TimeControl "180+1"]
[EndTime "8:42:49 PDT"]
[Termination "Iball95 won on time"]

1. e4 c5 2. c3 e6 3. d4 d5 4. exd5 exd5 5. Nf3 Nc6 6. Bb5 Nf6 7. O-O Be7 8. dxc5 Bxc5 9. Nbd2 O-O 10. Nb3 Bb6 11. Bg5 Be6 12. Rc1 h6 13. Bh4 g5 14. Bg3 Ne4 15. Nfd4 Nxd4 16. Nxd4 Qf6 17. Qd3 Rac8 18. Rcd1 a6 19. Ba4 Bg4 20. f3 Nxg3 21. hxg3 Bf5 22.
Qd2 Bg6 23. Bb3 Rcd8 24. f4 Be4 25. fxg5 Qxg5 26. Qxg5+ hxg5 27. Rf6 Bc7 28. Nf5 Be5 29. Ne7+ Kg7 30. Rb6 d4 31. Re1 dxc3 32. Rxe4 cxb2 33.
Bc2 f6 34. Nf5+ Kh8 35. Re2 Rf7 36. Kf2 Rc7 37. g4 Rdc8 38. Be4 Rc1 39. Rexb2 Bxb2 40. Rxb2 b5 41. Rd2 Ra1 42. Kf3 a5 43. Rd7 Rxa2 44.
Nd4 Rc3+ 45. Bd3 Rxd3+ 46. Ke4 Rxd4+ 47. Rxd4 Ra4 48. Rxa4 bxa4 49. Kd4 Kg7 0-1

[Event "Early-Titled-Tuesday-Blitz-May-07-2024"]
[Site "Chess.com"]
[Date "2024.05.07"]
[Round "4"]
[White "sterpfi"]
[Black "cristianserban1"]
[Result "1-0"]
[WhiteElo "2331"]
[BlackElo "2618"]
[TimeControl "180+1"]
[EndTime "8:42:49 PDT"]
[Termination "sterpfi won by resignation"]

1. e4 c5 2. Nf3 g6 3. c3 Bg7 4. d4 cxd4 5. cxd4 d5 6. e5 Bg4 7. Nbd2 Nc6 8. Bb5 Qb6 9. Bxc6+ bxc6 10. h3 Bxf3 11. Nxf3 e6 12. O-O Ne7 13. Bg5 Nc8 14.
Qc2 h6 15. Bh4 g5 16. Bg3 Ne7 17. Qc5 Qxc5 18. dxc5 Nf5 19. Bh2 h5 20. g4 hxg4 21. hxg4 Nh6 22. Nd4 Nxg4 23. Bg3 Bxe5 24. Nxc6 Bxg3 25.
fxg3 Rc8 26. Nxa7 Rc7 27. Nb5 Rxc5 28. Rac1 Rxc1 29. Rxc1 Rh3 30. Rc3 Rh2 31. Rb3 Rc2 32. a4 Ne5 33. a5 Nc4 34. a6 Rc1+ 35. Kf2 Rc2+ 36. Ke1 Rc1+ 37. Ke2 Ra1 38. a7 Kd7 39. Na3 Nxa3 40. Rxa3 Rxa3 41. bxa3 d4 42. a8=Q d3+ 1-0

[Event "Early-Titled-Tuesday-Blitz-May-07-2024"]
[Site "Chess.com"]
[Date "2024.05.07"]
[Round "4"]
[White "SpongeBob_03"]
[Black "SkippingLaptop"]
[Result "0-1"]
[WhiteElo "2247"]
[BlackElo "2005"]
[TimeControl "180+1"]
[EndTime "8:42:49 PDT"]
[Termination "SkippingLaptop won on time"]

1. d4 Nf6 2. c4 e6 3. Nc3 Bb4 4. Qc2 O-O 5. e3 d5 6. Bd3 c5 7. Nf3 Nc6 8. O-O Bxc3 9. bxc3 dxc4 10. Bxc4 Qc7 11. Ba3 b6 12. dxc5 Na5 13. Bd3 Rd8 14. Rfd1 Bb7 15. cxb6 axb6 16. Nd4 Nc4 17. Bxc4 Qxc4 18.
Be7 Rd7 19. Bxf6 gxf6 20. Rdb1 Qd5 21. f3 Qg5 22. Rxb6 Qxe3+ 23. Qf2 Qxc3 24. Rab1 Bd5 25. Ne2 Qc7 26. Qg3+ Qxg3 27. Nxg3 Rxa2 28. Rb8+ Kg7 29. Nh5+ Kg6 30. Nf4+ Kf5 31. Nh3 Ke5 32. R8b6 f5 33. Re1+ Kf6 34. Nf4 Bb7 35. Nh5+ Kg5 36. Ng3 Ba8 37.
Re2 Rd1+ 38. Kf2 Rxe2+ 39. Nxe2 Rd2 40. Ke3 Ra2 41. f4+ Kf6 42. g3 Bd5 43. Nd4 Rxh2 0-1

[Event "Early-Titled-Tuesday-Blitz-May-07-2024"]
[Site "Chess.com"]
[Date "2024.05.07"]
[Round "4"]
[White "Revan_2002"]
[Black "2346PL"]
[Result "1-0"]
[WhiteElo "2739"]
[BlackElo "2543"]
[TimeControl "180+1"]
[EndTime "8:42:50 PDT"]
[Termination "Revan_2002 won on time"]

1. c4 f5 2. Nc3 Nf6 3. d3 g6 4.
g3 Bg7 5. Bg2 O-O 6. e4 d6 7.
Nge2 Nc6 8. O-O e5 9. h3 f4 10.
gxf4 Nh5 11. fxe5 dxe5 12. Nd5 Be6 13. f4 Qd7 14. Kh2 exf4 15. Nexf4 Be5 16. Kg1 Nxf4 17. Bxf4 Bxh3 18. Bh6 Bd4+ 19. Kh2 Be5+ 20. Kg1 Bd4+ 21.
Kh2 Be5+ 22. Bf4 Bxg2 23. Kxg2 Bxf4 24. Nxf4 Ne5 25. Nd5 Kg7 26. Qe2 c6 27. Nf4 g5 28.
Nh5+ Kg6 29. Ng3 Qxd3 30. Qh5+ Kg7 31. Qxg5+ Ng6 32. Rad1 Qc2+ 33. Rd2 Qxc4 34. Rd7+ Kh8 35. Qh6 Qc2+ 36. Kh3 Nf4+ 37. Rxf4 1-0